 Dungeon Crawl Stone Soup version 0.17.0-73-gb648821 (console) character file.

470 Kloppie the Skirmisher (level 7, -4/39 HPs)
             Began as a Vine Stalker Fighter on Dec 9, 2015.
             Killed from afar by Pikel (12 damage)
             ... with a wand of cold
             ... on level 4 of the Dungeon.
             The game lasted 00:05:51 (2677 turns).

Kloppie the Skirmisher (Vine Stalker Fighter)       Turns: 2677, Time: 00:05:51

Health: -4/39      AC: 10    Str: 19    XL:     7   Next: 9%
Magic:  0/8        EV:  7    Int:  9    God:
Gold:   222        SH:  9    Dex: 14    Spells: 0 memorised, 6 levels left

rFire  + . .     SeeInvis .     a - +0 flail
rCold  . . .     Clarity  .     b - +0 scale mail
rNeg   . . .     SustAt   .     c - +0 shield
rPois  .         Gourm    .     (no helmet)
rElec  .         Spirit   +     h - +0 cloak
rCorr  .         Warding  .     p - +0 pair of gloves
rMut   .         Stasis   .     (no boots)
MR     .....                    (no amulet)
Stlth  ..........               n - +2 ring of protection
                                x - ring of protection from fire

@: very slightly contaminated, invisible, not resistant to hostile enchantments,
extremely unstealthy
A: fangs 2, regeneration 2, magic shield, antimagic bite, no device heal 3, rot
immunity
a: no special abilities


You were on level 4 of the Dungeon.
You were not hungry.

You visited 1 branch of the dungeon, and saw 4 of its levels.

You collected 222 gold pieces.

Inventory:

Hand Weapons
 a - a +0 flail (weapon)
Armour
 b - a +0 scale mail (worn)
 c - a +0 shield (worn)
 h - a +0 cloak (worn)
 p - a +0 pair of gloves (worn)
Jewellery
 n - a +2 ring of protection (right hand)
 v - an uncursed ring of teleportation
 x - a ring of protection from fire (left hand)
Wands
 g - a wand of invisibility (0)
Scrolls
 f - 2 scrolls of remove curse
 j - a scroll of immolation
 r - 2 scrolls of amnesia {unknown}
Potions
 d - 2 potions of might
 l - 2 potions of curing
 q - 3 potions of ambrosia {unknown}
 s - a potion of lignification {unknown}
 t - a potion of brilliance {unknown}
 u - a potion of degeneration {unknown}
 w - a potion of poison {unknown}
Comestibles
 e - 4 bread rations
 i - 3 meat rations


   Skills:
 + Level 5.4 Fighting
 + Level 4.7 Maces & Flails
 - Level 2.4 Armour
 - Level 2.6 Shields


You had 6 spell levels left.
You didn't know any spells.

Dungeon Overview and Level Annotations

Branches:
Dungeon (4/15)
 Temple: D:4-7

Altars:
Dithmenos
Fedhas
Makhleb
Trog
Xom

Annotations:
D:4 Pikel


Innate Abilities, Weirdness & Mutations

You have extremely sharp teeth.
You heal very quickly.
When hurt, damage is shared between your health and your magic reserves.
Your bite disrupts and absorbs the magic of your enemies.
Potions and wands cannot restore your health.
You are immune to rotting.


Message History

Pikel hits you but does no damage.
You catch the helpless Pikel completely off-guard!
You thump Pikel! Your bite misses Pikel.
Pikel is heavily wounded.
Pikel zaps a wand.
The bolt of cold misses you.
You catch the helpless Pikel completely off-guard!
You hit Pikel.
Pikel is heavily wounded.
Pikel hits you but does no damage.
You miss Pikel.
Pikel is heavily wounded.
Pikel says, "You'll feel the lick of my whip!"
Pikel zaps a wand.
The bolt of cold hits you!
Ouch! That really hurt!
* * * LOW HITPOINT WARNING * * *
You closely miss Pikel. You bite Pikel. You drain his power.
You feel invigorated.
Pikel is severely wounded.
Pikel zaps a wand.
The bolt of cold hits you!
You die...

#.#.# #.#.# .#
.. #.#.# ..#..
#.#.' #.#(# #.
...##.#(#.#
...###..#...#...
#......K#....#
#..@#8..#
#.#..####+###. #
#...........
#[##........
####....#####
#>.##...#
#...#...#
###..#...#..#
#.# #.#
#.###.....##


You could see Pikel.

Vanquished Creatures
  Sigmund (D:3)
  4 slaves (D:4)
  A scorpion (D:3)
  A crimson imp (D:3)
  An iguana (D:4)
  Natasha (thrice) (D:3)
  8 adders
  3 worms (D:2)
  2 giant geckos (D:1)
  6 orcs (D:3)
  A giant cockroach (D:3)
  11 hobgoblins
  10 kobolds
  3 quokkas
  4 ball pythons
  6 bats
  4 giant newts
  A goblin (D:1)
  11 jackals
  14 rats
95 creatures vanquished.

Vanquished Creatures (others)
  A giant cockroach (D:4)
1 creature vanquished.

Grand Total: 96 creatures vanquished

Notes
Turn   | Place    | Note
--------------------------------------------------------------
     0 | D:1      | Kloppie the Vine Stalker Fighter began the quest for the Orb.
     0 | D:1      | Reached XP level 1. HP: 11/11 MP: 2/2
   111 | D:1      | Reached skill level 3 in Fighting
   111 | D:1      | Reached XP level 2. HP: 14/16 MP: 3/3
   445 | D:1      | Reached XP level 3. HP: 20/20 MP: 4/4
  1087 | D:2      | Reached XP level 4. HP: 25/25 MP: 5/5
  1472 | D:2      | Noticed a moth of wrath
  1475 | D:2      | Found a bloodstained altar of Trog.
  1640 | D:3      | Reached skill level 4 in Fighting
  1654 | D:3      | Found a blossoming altar of Fedhas.
  1661 | D:3      | Found a shadowy altar of Dithmenos.
  1708 | D:3      | Noticed Sigmund
  1718 | D:3      | Killed Sigmund
  1718 | D:3      | Reached XP level 5. HP: 26/30 MP: 4/6
  1718 | D:3      | Gained mutation: You heal very quickly. [Vine Stalker growth]
  1718 | D:3      | Reached XP level 6. HP: 30/35 MP: 4/7
  1785 | D:3      | Found a burning altar of Makhleb.
  1817 | D:3      | Reached skill level 5 in Fighting
  1905 | D:3      | Noticed Natasha
  1939 | D:3      | Killed Natasha
  1993 | D:3      | Found a burning altar of Makhleb.
  1994 | D:3      | Found a shimmering altar of Xom.
  2368 | D:3      | Noticed Natasha
  2372 | D:3      | Killed Natasha
  2379 | D:3      | Reached XP level 7. HP: 39/39 MP: 8/8
  2526 | D:3      | Noticed Natasha
  2535 | D:3      | Killed Natasha
  2640 | D:4      | Noticed Pikel
  2677 | D:4      | Killed from afar by Pikel

Action                   |  1- 3 |  4- 6 |  7- 9 || total
-------------------------+-------+-------+-------++-------
Melee: Flail             |    96 |   188 |    59 ||   343
Evoke: Wand              |       |       |     1 ||     1
  Use: Potion            |       |     1 |       ||     1
       Scroll            |       |       |     5 ||     5
 Stab: Invisible         |       |       |     2 ||     2
  Eat: Chunk             |     1 |     5 |     1 ||     7
